 Dungeon Crawl Stone Soup version 0.31-a0-216-g22e908daa7 (webtiles) character file.

Game seed: 8828098401728417668

85 qw the Shooter (level 4, -1/36 HPs)
             Began as a Minotaur Hexslinger on July 2, 2023.
             Slain by a lemure (7 damage)
             ... led by Pikel
             ... on level 4 of the Dungeon.
             The game lasted 00:00:57 (1891 turns).

qw the Shooter (Minotaur Hexslinger)                Turns: 1891, Time: 00:00:58

Health: -1/36      AC:  5    Str: 12    XL:     4   Next: 25%
Magic:  4/4        EV: 11    Int: 10    God:
Gold:   113        SH:  0    Dex: 15    Spells: 4/5 levels left

rFire   + . .        Y - +3 sling
rCold   . . .        (no shield)
rNeg    . . .        m - +0 ring mail
rPois   .            (helmet restricted)
rElec   .            (no cloak)
rCorr   .            (no gloves)
SInv    .            (no boots)
Will    .....        (no amulet)
Stlth   +            k - ring of protection from fire
HPRegen 0.26/turn    (no ring)
MPRegen 0.09/turn

%: no passive effects
@: about to teleport
A: horns 2, retaliatory headbutt
a: no special abilities


You were on level 4 of the Dungeon.
You visited 1 branch of the dungeon, and saw 4 of its levels.

You collected 113 gold pieces.


Innate Abilities, Weirdness & Mutations

You have a pair of horns on your head.
You reflexively headbutt those who attack you in melee.


   Skills:
 - Level 2.0 Fighting
 + Level 4.6 Ranged Weapons
 - Level 1.0 Armour
 - Level 2.1 Dodging
 - Level 1.0 Spellcasting
 - Level 2.0 Hexes


You had 4 spell levels left.
You knew the following spells:

 Your Spells              Type           Power      Damage    Failure   Level
a - Slow                  Hex            16%        N/A       34%         1

Your spell library contained the following spells:

 Spells                   Type           Power      Damage    Failure   Level
 Inner Flame              Hex/Fire       2%         N/A       83%         3
 Portal Projectile        Hex/Tloc       4%         N/A       83%         3
 Cause Fear               Hex            2%         N/A       98%         4

Inventory:

Hand Weapons
 Y - a +3 sling (weapon)
Armour
 m - a +0 ring mail (worn)
Jewellery
 k - a ring of protection from fire (left hand)
Wands
 c - a wand of digging (6)
Scrolls
 a - 2 scrolls of teleportation
Potions
 b - a potion of degeneration {unknown}
 d - a potion of lignification {unknown}
 e - 4 potions of heal wounds
 f - a potion of invisibility {unknown}
 h - 2 potions of resistance
 j - a potion of haste

Dungeon Overview and Level Annotations

Branches:
Dungeon (4/15)
 Temple: D:4-7

Altars:
Uskayaw


Message History

You shoot a sling bullet. The sling bullet hits the goblin!
You kill the goblin!
You start resting.
HP restored.
Done exploring.
(D) Dungeon
Where to? (* - list waypoints, Enter - D:4, ? - help)
What level of the Dungeon? (default 1, ? - help)
You climb downwards.
There is a stone staircase leading up, spattered with blood here.
There is a stone staircase leading up, spattered with blood here.
Found a long sword.
Found a short sword. 2 lemures come into view.
Found a stone staircase leading up.
Enter note:
Enter note: You shoot a sling bullet.
The sling bullet hits the lemure.
The lemure is lightly wounded.
You shoot a sling bullet.
The sling bullet barely misses the lemure.
You shoot a sling bullet.
The sling bullet barely misses the lemure.
You shoot a sling bullet.
The sling bullet closely misses the lemure.
You shoot a sling bullet. The sling bullet hits the lemure!
The lemure is heavily wounded.
The lemure hits you. x2; The lemure hits you but does no damage.
The lemure barely misses you.
You shoot a sling bullet.
The sling bullet closely misses the lemure.
The lemure hits you! The lemure hits you.
You shoot a sling bullet. The sling bullet hits the lemure.
The lemure is heavily wounded.
The lemure hits you. The lemure hits you!
1891 ||| READING 3 scrolls of teleportation.
As you read the scroll of teleportation, it crumbles to dust.
You feel strangely unstable. The lemure hits you. The lemure hits you!
You die...

#.....# .......<##.
#...#
.)......)..####...##
...................#
.........######....#####
.........# ##.##.....#
......... ##..######.#
......55## ##..## #...#
.......@.###..## #.###
.........##..## #.#
.........#..## #.#
.........#.## ####.###
...........######<...#..
....................>...
#...........###.........
##..........# #.........
#..........# #.........


You could see 2 lemures.

Vanquished Creatures
  Terence (D:2)
  A worm (D:2)
  4 dart slugs
  An orc (D:3)
  5 bats
  6 endoplasms
  7 goblins
  7 hobgoblins
  4 kobolds
  A quokka (D:3)
  3 ball pythons
  2 frilled lizards
  2 rats (D:2)
44 creatures vanquished.

Notes
Turn   | Place    | Note
-------+----------+-------------------------------------------
     0 | D:1      | qw the Minotaur Hexslinger began the quest for the Orb.
     0 | D:1      | Reached XP level 1. HP: 16/16 MP: 1/1
     0 | D:1      | 0 ||| qw: Version: 0.3-a-39-g4513739
     0 | D:1      | 0 ||| qw: Game counter: 7904
     0 | D:1      | 0 ||| qw: Melee chars always use a shield: true
     0 | D:1      | 0 ||| qw: God list: Okawaru
     0 | D:1      | 0 ||| qw: Allow faded altars: false
     0 | D:1      | 0 ||| qw: Do Orc after clearing Dungeon:15 true
     0 | D:1      | 0 ||| qw: Do second Lair branch before Depths: true
     0 | D:1      | 0 ||| qw: Lair rune preference: random
     0 | D:1      | 0 ||| qw: Goals: Normal
     0 | D:1      | 0 ||| PLANNING D:1-11
   170 | D:1      | Reached skill level 3 in Ranged Weapons
   172 | D:1      | Reached XP level 2. HP: 23/23 MP: 2/2
   416 | D:1      | 416 ||| UPGRADING to +0 leather armour.
   426 | D:1      | 426 ||| DROPPING +0 robe.
   427 | D:1      | 427 ||| UPGRADING to +0 ring mail.
   437 | D:1      | 437 ||| DROPPING +0 leather armour.
   438 | D:1      | 438 ||| UPGRADING to ring of protection from fire.
   439 | D:1      | 439 ||| READING 2 scrolls labelled UPLYDY WAIN TUXT.
   444 | D:1      | 444 ||| READING scroll labelled EJUS PUGOPPIWA.
   445 | D:1      | 445 ||| READING scroll labelled LACOEP RANWENO.
   446 | D:1      | 446 ||| READING scroll labelled ECLUATUPIW.
   447 | D:1      | 447 ||| READING scroll labelled GASOLACIFUC.
   448 | D:1      | 448 ||| DRINKING 3 sedimented black potions.
   449 | D:1      | 449 ||| DRINKING 2 green potions.
   450 | D:1      | 450 ||| DROPPING scroll of poison.
   528 | D:2      | 528 ||| DRINKING 2 emerald potions.
   534 | D:2      | 534 ||| STAIRDANCE
   538 | D:2      | 538 ||| STAIRDANCE
   542 | D:2      | 542 ||| STAIRDANCE
   546 | D:2      | 546 ||| STAIRDANCE
   550 | D:2      | 550 ||| STAIRDANCE
   554 | D:2      | 554 ||| STAIRDANCE
   558 | D:2      | 558 ||| STAIRDANCE
   562 | D:2      | 562 ||| STAIRDANCE
   566 | D:2      | 566 ||| STAIRDANCE
   570 | D:2      | 570 ||| STAIRDANCE
   574 | D:2      | 574 ||| STAIRDANCE
   578 | D:2      | 578 ||| STAIRDANCE
   582 | D:2      | 582 ||| STAIRDANCE
   586 | D:2      | 586 ||| STAIRDANCE
   590 | D:2      | 590 ||| STAIRDANCE
   594 | D:2      | 594 ||| STAIRDANCE
   598 | D:2      | 598 ||| STAIRDANCE
   602 | D:2      | 602 ||| STAIRDANCE
   606 | D:2      | 606 ||| STAIRDANCE
   610 | D:2      | 610 ||| STAIRDANCE
   618 | D:2      | 618 ||| FLEEEEING.
   620 | D:2      | 620 ||| FLEEEEING.
   705 | D:2      | Reached XP level 3. HP: 29/29 MP: 3/3
   947 | D:2      | 947 ||| READING scroll of enchant weapon.
   947 | D:2      | 947 ||| ENCHANTING +2 sling.
   950 | D:2      | Found a hide-covered altar of Uskayaw.
   973 | D:2      | Noticed Terence
   987 | D:2      | Killed Terence
   988 | D:2      | Reached skill level 4 in Ranged Weapons
  1077 | D:2      | 1077 ||| FLEEEEING.
  1078 | D:2      | 1078 ||| FLEEEEING.
  1079 | D:2      | 1079 ||| FLEEEEING.
  1080 | D:2      | 1080 ||| FLEEEEING.
  1081 | D:2      | 1081 ||| FLEEEEING.
  1082 | D:2      | 1082 ||| FLEEEEING.
  1083 | D:2      | 1083 ||| FLEEEEING.
  1084 | D:2      | 1084 ||| FLEEEEING.
  1085 | D:2      | 1085 ||| FLEEEEING.
  1086 | D:2      | 1086 ||| FLEEEEING.
  1087 | D:2      | 1087 ||| FLEEEEING.
  1088 | D:2      | 1088 ||| FLEEEEING.
  1090 | D:2      | 1090 ||| FLEEEEING.
  1091 | D:2      | 1091 ||| FLEEEEING.
  1092 | D:2      | 1092 ||| FLEEEEING.
  1093 | D:2      | 1093 ||| FLEEEEING.
  1094 | D:2      | 1094 ||| FLEEEEING.
  1095 | D:2      | 1095 ||| FLEEEEING.
  1096 | D:2      | 1096 ||| FLEEEEING.
  1097 | D:2      | 1097 ||| FLEEEEING.
  1098 | D:2      | 1098 ||| FLEEEEING.
  1099 | D:2      | 1099 ||| FLEEEEING.
  1100 | D:2      | 1100 ||| FLEEEEING.
  1101 | D:2      | 1101 ||| FLEEEEING.
  1102 | D:2      | 1102 ||| FLEEEEING.
  1103 | D:2      | 1103 ||| FLEEEEING.
  1104 | D:2      | 1104 ||| FLEEEEING.
  1105 | D:2      | 1105 ||| FLEEEEING.
  1106 | D:2      | 1106 ||| FLEEEEING.
  1107 | D:2      | 1107 ||| FLEEEEING.
  1108 | D:2      | 1108 ||| FLEEEEING.
  1110 | D:2      | 1110 ||| FLEEEEING.
  1111 | D:2      | 1111 ||| FLEEEEING.
  1112 | D:2      | 1112 ||| FLEEEEING.
  1113 | D:2      | 1113 ||| FLEEEEING.
  1114 | D:2      | 1114 ||| FLEEEEING.
  1115 | D:2      | 1115 ||| FLEEEEING.
  1116 | D:2      | 1116 ||| FLEEEEING.
  1117 | D:2      | 1117 ||| FLEEEEING.
  1118 | D:2      | 1118 ||| FLEEEEING.
  1119 | D:2      | 1119 ||| FLEEEEING.
  1120 | D:2      | 1120 ||| FLEEEEING.
  1121 | D:2      | 1121 ||| FLEEEEING.
  1122 | D:2      | 1122 ||| FLEEEEING.
  1123 | D:2      | 1123 ||| FLEEEEING.
  1124 | D:2      | 1124 ||| FLEEEEING.
  1125 | D:2      | 1125 ||| FLEEEEING.
  1126 | D:2      | 1126 ||| FLEEEEING.
  1127 | D:2      | 1127 ||| FLEEEEING.
  1128 | D:2      | 1128 ||| FLEEEEING.
  1129 | D:2      | 1129 ||| FLEEEEING.
  1172 | D:2      | 1172 ||| FLEEEEING.
  1203 | D:1      | Reached XP level 4. HP: 36/36 MP: 4/4
  1562 | D:3      | Reached skill level 1 in Armour
  1810 | D:4      | 1810 ||| STAIRDANCE
  1883 | D:4      | Noticed a lemure
  1883 | D:4      | Noticed a lemure
  1890 | D:4      | HP: 9/36 [lemure[Pikel] (8)]
  1891 | D:4      | 1891 ||| READING 3 scrolls of teleportation.
  1891 | D:4      | Slain by a lemure

Levels and vault maps discovered:
D:1:      dpeg_arrival_connections, layout_rooms
D:2:      layout_loops_ring, basic_altar, uniq_terence
D:3:      layout_basic
D:4:      layout_rooms, mainiacjoe_overflow_alcove_2,
          nicolae_qazlal_scattered_showers, ebering_ghost_rock_garden,
          uniq_crazy_yiuf_cottage, uniq_robin, uniq_pikel

Skill      XL: |  1  2  3  4 |
---------------+-------------+-----
Ranged Weapons | 3 4 |  4.6
Fighting       | 2 |  2.0
Armour         | 1 |  1.0
Dodging        | |  2.1
Spellcasting   | |  1.0
Hexes          | |  2.0

Action                     |  1- 3 |  4- 6 || total
---------------------------+-------+-------++-------
   Fire: Sling             |   101 |    41 ||   142
    Use: Scroll            |     6 |     1 ||     7
         Potion            |     3 |       ||     3
 Armour: Ring mail         |    10 |     7 ||    17
  Dodge: Dodged            |    22 |    16 ||    38

Table legend:
 A = Non-vault XP
 B = Vault XP
 C = Vault XP percentage of total XP
 D = Non-vault monster count
 E = Vault monster count
 F = Vault count percentage of total count
                 A         B        C        D         E       F
            +---------+---------+-------+---------+---------+-------
      Total |      86 |      36 |  29.5 |      43 |       1 |   2.3
            +---------+---------+-------+---------+---------+-------
        D:1 |      25 |       0 |   0.0 |      13 |       0 |   0.0
        D:2 |      37 |      36 |  49.3 |      17 |       1 |   5.6
        D:3 |      24 |       0 |   0.0 |      13 |       0 |   0.0
            +---------+---------+-------+---------+---------+-------
